 Dungeon Crawl Stone Soup version 0.25.0-9-g26727b657a (webtiles) character file.

Game seed: 11970478345749529091

931 MajorAdolf the Chopper (level 8, -2/109 HPs)
             Began as a Naga Wanderer on June 18, 2020.
             Slain by an orc warrior
             ... wielding a +0 trident
              (7 damage)
             ... on level 6 of the Dungeon.
             The game lasted 00:09:06 (6818 turns).

MajorAdolf the Chopper (Naga Wanderer)              Turns: 6818, Time: 00:09:06

Health: -2/109     AC: 24    Str: 17    XL:     8   Next: 11%
Magic:  8/8        EV:  1    Int: 11    God:
Gold:   224        SH:  0    Dex: 12    Spells: 7/7 levels left

rFire    . . .     SeeInvis +   s - +2 dagger (venom)
rCold    . . .     Gourm    .   (no shield)
rNeg     + + +     Faith    .   (armour currently unavailable)
rPois    +         Spirit   .   (helmet currently unavailable)
rElec    .         Reflect  .   (cloak currently unavailable)
rCorr    .         Harm     .   (gloves currently unavailable)
MR       +....     NoTele   +   (no barding)
Stlth    ++........             (no amulet)
HPRegen  0.28/turn              (no ring)
MPRegen  0.11/turn              (no ring)

@: tree-form
A: large, see invisible, slow metabolism 1, spit poison 1, AC +2
a: Spit Poison


You were on level 6 of the Dungeon.
You were not hungry.
You were a tree.
You visited 1 branch of the dungeon, and saw 6 of its levels.

You collected 224 gold pieces.

Inventory:

Hand Weapons
 s - a +2 dagger of venom (weapon)
 x - a +0 war axe
Armour
 d - a +0 cloak (melded)
 l - a +2 helmet (melded)
 q - a +0 helmet
 v - a +0 chain mail
 y - a +0 ring mail (melded)
Jewellery
 w - an uncursed ring of fire
Scrolls
 b - 2 scrolls of fear
 c - a scroll of blinking
 g - 7 scrolls of identify {unknown}
 h - a scroll of immolation {unknown}
 j - 2 scrolls of magic mapping {unknown}
 m - a scroll of amnesia {unknown}
 n - a scroll of teleportation {unknown}
 o - 2 scrolls of remove curse {unknown}
 t - 5 scrolls of enchant armour {unknown}
Potions
 a - a potion of berserk rage {unknown}
 e - 2 potions of curing {unknown}
 i - a potion of stabbing {unknown}
 k - 2 potions of might {unknown}
 p - a potion of heal wounds {unknown}
 r - a potion of lignification
 u - a potion of haste {unknown}
Comestibles
 f - 7 rations


   Skills:
 - Level 4.3 Fighting
 + Level 4.8 Axes
   Level 1.0 Bows
 - Level 1.0 Throwing
 + Level 4.0 Armour
 + Level 3.9 Dodging
 - Level 1.5 Stealth
 - Level 2.0 Unarmed Combat


You had 7 spell levels left.
You didn't know any spells.
Your spell library was empty.

Dungeon Overview and Level Annotations

Branches:
Dungeon (5/15)
 Temple: D:4-7

Altars:
Xom

Shops:
D:4 (


Innate Abilities, Weirdness & Mutations

You cannot wear boots.
((Your serpentine skin is tough. (AC +2)))
You have supernaturally acute eyesight. (SInv)
((Armour fits poorly on your strangely shaped body.))
((Your system is resistant to poisons. (rPois)))
((You cover ground very slowly.))
You have a slow metabolism.
You can spit poison.


Message History

The orc warrior looks as sick as possible!
The orc warrior is lightly wounded.
The orc warrior hits you with a +0 trident!
* * * LOW HITPOINT WARNING * * *
You barely miss the orc warrior.
The orc warrior is moderately wounded.
The orc warrior hits you but does no damage.
You hit the orc warrior.
The orc warrior looks as sick as possible!
The orc warrior is moderately wounded.
The orc warrior hits you but does no damage.
You barely miss the orc warrior.
The orc warrior is moderately wounded.
The orc warrior hits you with a +0 trident!
* * * LOW HITPOINT WARNING * * *
You hit the orc warrior.
The orc warrior looks as sick as possible!
The orc warrior is heavily wounded.
The orc warrior hits you with a +0 trident!
You die...

.....#.........#
##.#.#.........#
#.# #.........#
#.#.#####...#.#
#.#...........#
##.#######...###
oo..........#
#o#######...#
#♣# #...# #.#
##.## #.# #.#
#.# #.# #######
#.# #.# #.....#
#.# #.# #.###.#
#.# #.# #.# #.#
#.########.# #.#
#.# #........#.#


You could see an orc warrior (extremely poisoned) and 2 orcs.

Vanquished Creatures
  A phantom (D:6)
  2 ogres (D:6)
  A bullfrog (D:6)
  A howler monkey (D:4)
  2 crimson imps
  A hound (D:4)
  3 orc wizards
  A centaur skeleton (D:3)
  An orc priest (D:4)
  An iguana (D:4)
  3 worker ants
  3 gnolls
  8 adders
  4 oozes
  A worm (D:4)
  A dart slug (D:2)
  4 leopard geckos
  15 orcs
  3 bats
  8 giant cockroaches
  8 hobgoblins
  2 jackals (D:3)
  A quokka (D:4)
  A ball python (D:1)
  7 frilled lizards
  12 goblins
  7 kobolds
  2 quokka skeletons
  6 rats
110 creatures vanquished.

Notes
Turn   | Place    | Note
-------+----------+-------------------------------------------
     0 | D:1      | MajorAdolf the Naga Wanderer began the quest for the Orb.
     0 | D:1      | MajorAdolf set off with the following items: a +0 mace, a
                  | scroll of fear, a scroll of blinking, a potion of
                  | lignification, a +0 robe, a ration
     0 | D:1      | Reached XP level 1. HP: 21/21 MP: 1/1
    67 | D:1      | HP: 1/21 [kobold/+0 dagger (3)]
   564 | D:1      | Reached XP level 2. HP: 7/28 MP: 2/2
  1178 | D:1      | Reached skill level 1 in Axes
  1365 | D:1      | Reached XP level 3. HP: 36/36 MP: 3/3
  2571 | D:2      | Reached XP level 4. HP: 43/44 MP: 4/4
  2664 | D:2      | Found a shimmering altar of Xom.
  3354 | D:3      | Reached XP level 5. HP: 43/50 MP: 5/5
  4022 | D:3      | Found a faded altar of an unknown god.
  4722 | D:3      | Reached XP level 6. HP: 46/58 MP: 6/6
  5321 | D:4      | Reached XP level 7. HP: 58/66 MP: 7/7
  5391 | D:4      | Found Loorr's Weapon Shoppe.
  5931 | D:5      | Entered Level 5 of the Dungeon
  5997 | D:5      | You fall into a shaft and drop 1 floor!
  6467 | D:6      | Reached XP level 8. HP: 22/73 MP: 8/8
  6817 | D:6      | HP: 5/109 [orc warrior/+0 trident (8)]
  6818 | D:6      | Slain by an orc warrior

Illustrated notes

Levels and vault maps discovered:
D:1:      matt_arrival_spirals, layout_basic, serial_bayou_crossing
D:2:      layout_basic, overflow_temple_1_default,
          chequers_serial_rivers_micro_c
D:3:      layout_loops_ring, chequers_ecumenical_altar_simple
D:4:      layout_loops_ring, serial_shops, kennysheep_mini,
          minmay_fractal_squares_diagonal_5
D:5:      layout_loops_ring, minmay_temple_entry_grid, first_ration,
          uniq_crazy_yiuf_cottage, uniq_pikel
D:6:      layout_basic, lemuel_doored_altar

Skill      XL: |  1  2  3  4  5  6  7  8 |
---------------+-------------------------+-----
Axes           | 1 2 3 4 |  4.8
Fighting       | 4 |  4.3
Armour         | 2 3 4 |  4.0
Dodging        | 2 3 |  3.9
Bows           | |  1.0
Throwing       | |  1.0
Stealth        | |  1.5
Unarmed Combat | |  2.0

Action                   |  1- 3 |  4- 6 |  7- 9 || total
-------------------------+-------+-------+-------++-------
Melee: Dagger            |    40 |   188 |   139 ||   367
       Mace              |     6 |       |       ||     6
       Hand axe          |    94 |       |       ||    94
       Punch             |     1 |     2 |       ||     3
       War axe           |       |    28 |    36 ||    64
 Abil: Spit Poison       |    11 |     2 |     1 ||    14
  Use: Potion            |     1 |       |     1 ||     2
 Stab: Sleeping          |     6 |     2 |       ||     8
  Eat: Chunk             |     4 |     7 |     5 ||    16
Armor: Skin              |    13 |       |     4 ||    17
       Robe              |    44 |    24 |       ||    68
       Ring mail         |       |    43 |    79 ||   122
Dodge: Dodged            |    57 |   125 |    60 ||   242
